 Dungeon Crawl Stone Soup version 0.13.1-19-g4b9377e (webtiles) character file.

221 Kae the Firebug (level 4, -5/24 HPs)
             Began as a Tengu Fire Elementalist on Dec 27, 2013.
             Killed from afar by an orc wizard (10 damage)
             ... with a magic dart
             ... on Level 3 of the Dungeon.
             The game lasted 00:04:06 (2573 turns).

Kae the Firebug (Tengu Fire Elementalist)           Turns: 2573, Time: 00:04:06

HP  -5/24        AC  2     Str  8      XL: 4   Next: 73%
MP   7/8         EV 12     Int 16      God:
Gold 121         SH  0     Dex 15      Spells:  2 memorised,  3 levels left

Res.Fire  : + . .   See Invis. : +   i - -1,-2 trident (curse)
Res.Cold  : . . .   Warding    : .   a - +0 robe
Life Prot.: . . .   Conserve   : .   (no shield)
Res.Poison: .       Res.Corr.  : .   (helmet restricted)
Res.Elec. : .       Clarity    : .   (no cloak)
Sust.Abil.: . .     Spirit.Shd : .   (no gloves)
Res.Mut.  : .       Stasis     : .   (boots unavailable)
Res.Rott. : .       Flight     : .   m - amulet of the gourmand
Gourmand  : +                        s - ring of see invisible
                                     d - ring of protection from fire

@: mildly poisoned, slowed, very slow, slightly resistant to hostile
enchantments, fairly stealthy
A: beak, talons 3
a: no special abilities


You were on level 3 of the Dungeon.
You were very hungry.

You visited 1 branch of the dungeon, and saw 3 of its levels.

You collected 101 gold pieces.

Inventory:

Hand weapons
 i - a cursed -1,-2 trident (weapon)
Missiles
 g - 68 darts (quivered)
Armour
 a - a +0 robe (worn)
Comestibles
 c - 4 bread rations
 j - a meat ration
Scrolls
 f - 3 scrolls of teleportation
 n - a scroll of remove curse
Jewellery
 d - a ring of protection from fire (left hand)
 e - an uncursed ring of protection from fire
 m - an amulet of the gourmand (around neck)
 s - a ring of see invisible (right hand)
 v - an uncursed amulet of rage
Potions
 h - a potion of might {unknown}
 k - 2 potions of curing {unknown}
 l - a potion of invisibility {unknown}
 p - a potion of agility {unknown}
 t - a potion of heal wounds {unknown}
 u - a potion of restore abilities {unknown}
Books
 b - a book of Flames

   Spells                             Type                      Level
   *Flame Tongue                      Conjuration/Fire             1
   *Throw Flame                       Conjuration/Fire             2
   Conjure Flame                      Conjuration/Fire             3
   Inner Flame                        Hexes/Fire                   3
   Sticky Flame                       Conjuration/Fire             4
   Fireball                           Conjuration/Fire             5


   Skills:
 - Level 2.1 Dodging
 - Level 2.0 Stealth
 + Level 1.5 Spellcasting
 * Level 4.0 Conjurations
 * Level 4.5 Fire Magic


You had 3 spell levels left.
You knew the following spells:

 Your Spells              Type           Power        Failure   Level  Hunger
a - Flame Tongue          Conj/Fire      ##...        4%          1    ##.....
b - Throw Flame           Conj/Fire      ##....       8%          2    ###....


Dungeon Overview and Level Annotations

Branches:
Dungeon (3/27)

Altars:
Yredelemnul


Innate Abilities, Weirdness & Mutations

You have a beak for a mouth.
You have claws for feet.


Message History

You spend a moment contemplating the meaning of life.
There are monsters nearby!
You spend a moment contemplating the meaning of life.
There are monsters nearby!
You feel sick.
The orc wizard gestures at you while chanting.
You feel yourself slow down.
You feel sick. The orc wizard casts a spell at you. The magic dart hits you!
* * * LOW HITPOINT WARNING * * *
The orc wizard casts a spell at you.
You feel as though you will be slow longer.
The orc wizard casts a spell at you. The magic dart hits you!
* * * LOW HITPOINT WARNING * * *
An orc wizard opens the door.
The orc wizard points at you and mumbles some strange words.
The magic dart hits you!
You die...

###........#######
#########'.#####.!......
............###.........
#.............#..........
#...........8(#.8........
#.......o.....#).........
#............###.........
#...........#####........
#.......@................
#.......<.........#######
########+#######.. ###


You could see an orc wizard.

Vanquished Creatures
  Ijyb (D:2)
  A gnoll (D:1)
  3 adders
  A giant gecko (D:2)
  An ooze (D:2)
  6 bats
  5 goblins
  6 hobgoblins
  3 quokkas
  2 ball pythons (D:1)
  4 giant cockroaches
  3 giant newts
  3 kobolds
  5 rats
44 creatures vanquished.

Notes
Turn   | Place    | Note
--------------------------------------------------------------
     0 | D:1      | Kae, the Tengu Fire Elementalist, began the quest for the Orb.
     0 | D:1      | Reached XP level 1. HP: 10/10 MP: 3/3
   299 | D:1      | Reached XP level 2. HP: 10/15 MP: 1/5
   806 | D:1      | Reached XP level 3. HP: 10/19 MP: 6/6
   879 | D:1      | Reached skill level 4 in Fire Magic
  1669 | D:2      | Noticed Ijyb
  1875 | D:1      | Learned a level 2 spell: Throw Flame
  1988 | D:2      | Reached XP level 4. HP: 15/24 MP: 1/8
  2190 | D:2      | Found a basalt altar of Yredelemnul.
  2361 | D:2      | Killed Ijyb
  2573 | D:3      | Killed from afar by an orc wizard

Action                   |  1- 3 |  4- 6 || total
-------------------------+-------+-------++-------
Melee: Unarmed           |    70 |     9 ||    79
       Trident           |       |     1 ||     1
 Cast: Flame Tongue      |    49 |    25 ||    74
  Use: Scroll            |       |     7 ||     7
 Stab: Sleeping          |     3 |     1 ||     4
